 Dungeon Sprint DCSS version 0.30-a0-1160-g6e42c06551 (webtiles) character file.

Game seed: 14529427899839114034

2200000 sircluck the Axe Maniac (level 17, -3/191 HPs)
             Began as a Hill Orc Cinder Acolyte on Apr 26, 2023.
             Was a High Priest of Ignis.
             Slain by a meat berserker
             ... wielding a +9 battleaxe
              (80 damage)
             ... in the Dungeon (Sprint VIII: "Arena of Blood").
             The game lasted 00:00:47 (22 turns).

sircluck the Axe Maniac (Hill Orc Cinder Acolyte)     Turns: 22, Time: 00:00:49

Health: -3/191     AC:  9    Str: 19    XL:     17   Next: 99%
Magic:  6/48       EV: 13    Int: 14    God:    Ignis [*****.]
Gold:   0          SH:  0    Dex: 12    Spells: 70/70 levels left

rFire   + . .        i - +∞ Axe of Woe
rCold   . . .        (shield currently unavailable)
rNeg    . . .        b - +0 robe
rPois   .            (no helmet)
rElec   .            (no cloak)
rCorr   .            (no gloves)
SInv    .            (no boots)
Will    +....        (no amulet)
Stlth   ++           (no ring)
HPRegen 0.51/turn    (no ring)
MPRegen 0.31/turn

%: no teleportation
@: fiery-armoured
A: no striking features
a: Renounce Religion, Fiery Armour, Foxfire Swarm, Rising Flame


You were in the Dungeon.
You worshipped Ignis.
Ignis was extremely pleased with you.
You visited 1 branch

Inventory:

Hand Weapons
 a - a -1 hand axe of flaming
 i - the +∞ Axe of Woe (weapon)
   (You found it in the Dungeon)
Armour
 b - a +0 robe (worn)
Scrolls
 h - a scroll of blinking
Potions
 c - a potion of curing
 d - a potion of heal wounds
 e - a potion of haste
 f - 2 potions of magic
 g - a potion of berserk rage


   Skills:
 O Level 27 Fighting
 + Level 4.6(5.5) Short Blades
 + Level 5.0(6.1) Long Blades
 O Level 27 Axes
 + Level 5.0(16.4) Maces & Flails
 + Level 5.0(16.4) Polearms
 + Level 4.2(5.8) Staves
 + Level 4.2 Ranged Weapons
 + Level 4.2 Throwing
 + Level 5.0 Armour
 + Level 3.8 Dodging
 + Level 4.2 Stealth
 + Level 5.0 Shields
 + Level 5.0 Unarmed Combat
 O Level 27 Spellcasting
 + Level 5.2 Conjurations
 + Level 4.6 Hexes
 + Level 4.6 Summonings
 + Level 4.6 Necromancy
 + Level 3.8 Translocations
 + Level 3.4 Transmutations
 O Level 27 Fire Magic
 + Level 4.2 Ice Magic
 + Level 3.8 Air Magic
 + Level 4.6 Earth Magic
 + Level 4.7 Poison Magic
 + Level 6.9 Invocations
 + Level 5.2 Evocations


You had 70 spell levels left.
You didn't know any spells.
Your spell library contained the following spells:

 Spells                   Type           Power      Damage    Failure   Level
 Scorch                   Fire           100%       2d9       0%          2


Dungeon Overview and Level Annotations

Branches:
Dungeon (1/1)

Altars:
Makhleb


Message History

You dissect the meat berserker like a pig carcass.
You kill the meat berserker!
You hit the meat berserker.
You cleave the meat berserker in twain.
You kill the meat berserker!
You hear a shout! x5
A bag of meat comes into view. It is wielding a +9 war axe. x2
A meat berserker comes into view. It is wielding a +9 battleaxe.
You hear a shout!
The bag of meat shouts!
Your base Short Blades skill gained 4 levels and is now at level 4!
Your base Long Blades skill gained 5 levels and is now at level 5!
Your base Maces & Flails skill gained 5 levels and is now at level 5!
Your base Polearms skill gained 5 levels and is now at level 5!
Your base Staves skill gained 4 levels and is now at level 4!
Your Ranged Weapons skill gained 4 levels and is now at level 4!
Your Throwing skill gained 4 levels and is now at level 4!
Your Armour skill gained 5 levels and is now at level 5!
Your Dodging skill gained 3 levels and is now at level 3!
Your Stealth skill gained 4 levels and is now at level 4!
Your Shields skill gained 5 levels and is now at level 5!
Your Unarmed Combat skill gained 5 levels and is now at level 5!
Your Conjurations skill gained 5 levels and is now at level 5!
Your Hexes skill gained 4 levels and is now at level 4!
Your Summonings skill gained 4 levels and is now at level 4!
Your Necromancy skill gained 4 levels and is now at level 4!
Your Translocations skill gained 3 levels and is now at level 3!
Your Transmutations skill gained 3 levels and is now at level 3!
Your Ice Magic skill gained 4 levels and is now at level 4!
Your Air Magic skill gained 3 levels and is now at level 3!
Your Earth Magic skill gained 4 levels and is now at level 4!
Your Poison Magic skill gained 4 levels and is now at level 4!
Your Invocations skill gained 6 levels and is now at level 6!
Your Evocations skill gained 5 levels and is now at level 5!
You chop the bag of meat into pieces!!!
You hew the bag of meat savagely.
You kill the bag of meat!
You slice the meat berserker!!
You pulverise the meat berserker into a thin bloody mist.
You kill the meat berserker!
You hear a shout! x3
The meat berserker hits you with a +9 battleaxe!!!!
You die...

#........_.....
......#..)..#
......#_O<._# . .
......#..)..#....
#....o.O._).......
.......o###.......
...###.......###..
#.))....# .
#.@).o..#
......))O......
...............
...o...o...O...
.............o#
..O.#........#.
..o..o.o.....#
...##.#.......


You could see 2 large bags of meat, 3 meat berserkers and 9 bags of meat.

Vanquished Creatures
  8 ogres (D)
  12 orcs (D)
20 creatures vanquished.

Notes
Turn   | Place    | Note
-------+----------+-------------------------------------------
     0 | D        | Found the +∞ Axe of Woe
     0 | D        | sircluck the Hill Orc Cinder Acolyte began the quest for
                  | the Orb.
     0 | D        | Reached XP level 1. HP: 19/19 MP: 2/2
     0 | D        | Noticed a meat berserker
     1 | D        | Noticed a meat berserker
     2 | D        | Noticed a bag of meat
     3 | D        | Killed a meat berserker
     4 | D        | Reached XP level 2. HP: 57/57 MP: 3/6
     4 | D        | Reached XP level 3. HP: 64/64 MP: 3/7
     4 | D        | Reached XP level 4. HP: 72/72 MP: 3/8
     4 | D        | Reached XP level 5. HP: 80/80 MP: 3/9
     4 | D        | Reached XP level 6. HP: 88/88 MP: 3/10
     4 | D        | Reached XP level 7. HP: 95/95 MP: 3/11
     4 | D        | Reached XP level 8. HP: 103/103 MP: 3/12
     4 | D        | Reached XP level 9. HP: 111/111 MP: 3/13
     4 | D        | Reached XP level 10. HP: 118/118 MP: 3/14
     4 | D        | Reached XP level 11. HP: 126/126 MP: 3/15
     4 | D        | Reached XP level 12. HP: 134/134 MP: 3/16
     4 | D        | Killed a meat berserker
     5 | D        | Reached XP level 13. HP: 148/148 MP: 3/18
     6 | D        | Noticed a bag of meat
     7 | D        | Killed a bag of meat
    10 | D        | Killed a bag of meat
    10 | D        | Noticed a bag of meat
    11 | D        | Reached skill level 27 in Axes
    11 | D        | Reached XP level 14. HP: 153/163 MP: 3/19
    11 | D        | Noticed a bag of meat
    12 | D        | Noticed a bag of meat
    12 | D        | Noticed a bag of meat
    12 | D        | Noticed a bag of meat
    12 | D        | Noticed a meat berserker
    12 | D        | Noticed a bag of meat
    13 | D        | Noticed a bag of meat
    13 | D        | Noticed a bag of meat
    13 | D        | Noticed a bag of meat
    13 | D        | Noticed a bag of meat
    13 | D        | Noticed a meat berserker
    13 | D        | Noticed a bag of meat
    14 | D        | Killed a bag of meat
    15 | D        | Reached skill level 27 in Fighting
    15 | D        | Noticed a meat berserker
    15 | D        | Noticed a meat berserker
    15 | D        | Noticed a meat berserker
    16 | D        | Noticed a meat berserker
    16 | D        | Killed a meat berserker
    16 | D        | Killed a bag of meat
    16 | D        | Killed a bag of meat
    16 | D        | Killed a bag of meat
    16 | D        | Noticed a meat berserker
    17 | D        | Reached skill level 27 in Fire Magic
    17 | D        | Reached XP level 15. HP: 100/174 MP: 4/35
    17 | D        | Killed a meat berserker
    18 | D        | Reached XP level 16. HP: 106/183 MP: 5/40
    18 | D        | Noticed a large bag of meat
    18 | D        | Noticed a large bag of meat
    19 | D        | Killed a meat berserker
    19 | D        | Noticed a meat berserker
    20 | D        | Reached XP level 17. HP: 76/191 MP: 5/46
    21 | D        | Reached skill level 27 in Spellcasting
    21 | D        | Killed a meat berserker
    21 | D        | Killed a meat berserker
    21 | D        | Noticed a meat berserker
    22 | D        | Reached skill level 5 in Long Blades
    22 | D        | Reached skill level 5 in Maces & Flails
    22 | D        | Reached skill level 5 in Polearms
    22 | D        | Reached skill level 5 in Armour
    22 | D        | Reached skill level 5 in Shields
    22 | D        | Reached skill level 5 in Unarmed Combat
    22 | D        | Reached skill level 5 in Conjurations
    22 | D        | Reached skill level 5 in Evocations
    22 | D        | Killed a meat berserker
    22 | D        | Slain by a meat berserker

Illustrated notes

Levels and vault maps discovered:
D:        meatsprint

Skill      XL: |  1  2  3  4  5  6  7  8  9 10 11 12 13 14 15 16 17 |
---------------+----------------------------------------------------+-----
Fighting       | 20 23 25 27 | 27.0
Axes           | 22 25 27 | 27.0
Spellcasting   | 3 16 20 25 27 | 27.0
Fire Magic     | 18 21 23 27 | 27.0
Short Blades   | 4 |  4.6
Long Blades    | 5 |  5.0
Maces & Flails | 5 |  5.0
Polearms       | 5 |  5.0
Staves         | 4 |  4.2
Ranged Weapons | 4 |  4.2
Throwing       | 4 |  4.2
Armour         | 5 |  5.0
Dodging        | 3 |  3.8
Stealth        | 4 |  4.2
Shields        | 5 |  5.0
Unarmed Combat | 5 |  5.0
Conjurations   | 5 |  5.2
Hexes          | 4 |  4.6
Summonings     | 4 |  4.6
Necromancy     | 4 |  4.6
Translocations | 3 |  3.8
Transmutations | 3 |  3.4
Ice Magic      | 4 |  4.2
Air Magic      | 3 |  3.8
Earth Magic    | 4 |  4.6
Poison Magic   | 4 |  4.7
Invocations    | 6 |  6.9
Evocations     | 5 |  5.2

Action                     |  1- 3 |  4- 6 |  7- 9 | 10-12 | 13-15 | 16-18 || total
---------------------------+-------+-------+-------+-------+-------+-------++-------
  Melee: Executioner's axe |     1 |       |       |     1 |     5 |     4 ||    11
 Invoke: Fiery Armour      |       |       |       |       |     1 |       ||     1

Table legend: (Time is in decaauts)
 A = Elapsed time spent in this place.
 B = Non-inter-level travel time spent in this place.
 C = Inter-level travel time spent in this place.
 D = Time resting spent in this place.
 E = Time spent auto-exploring this place.
 F = Levels seen in this place.
 G = Mean time per level.
                   A        B        C        D        E       F      G
               +--------+--------+--------+--------+--------+-----+--------+
         Total |     19 |     19 |      0 |      0 |      0 |   1 |   19.0 |
       Dungeon |     19 |     19 |      0 |      0 |      0 |   1 |   19.0 |
               +--------+--------+--------+--------+--------+-----+--------+

Top non-repeatable levels by time:
       D: 19 daAuts
